 Dungeon Crawl Stone Soup version 0.30.1-11-g7821555f0a (webtiles) character file.

Game seed: 5266324721409491019

27185 Cheops the Impaler (level 13, -9/94 HPs)
             Began as a Merfolk Ice Elementalist on Oct 31, 2023.
             Was a Priest of the Shining One.
             Mangled by a frost giant
             ... wielding a +4 glaive of freezing
              (31 damage)
             ... in an ice cave on Nov 1, 2023.
             The game lasted 01:24:30 (20504 turns).

Cheops the Impaler (Merfolk Ice Elementalist)      Turns: 20504, Time: 01:24:31

Health: -9/94      AC: 20    Str: 14    XL:     13   Next: 30%
Magic:  11/18      EV: 15    Int: 22    God:    the Shining One [***...]
Gold:   838        SH:  0    Dex: 13    Spells: 3/18 levels left

rFire   x . .        a - +2 halberd (freeze)
rCold   + + .        (shield currently unavailable)
rNeg    + . .        L - +2 robe {rC+}
rPois   .            w - +2 helmet
rElec   .            y - +0 cloak "Fufith" {Fly Str+5 Stlth+}
rCorr   .            I - +0 pair of gloves
SInv    .            C - +0 pair of boots
Will    +....        p - amulet of regeneration
Stlth   +            h - ring of ice
HPRegen 1.15/turn    u - ring of willpower
MPRegen 0.16/turn

%: no passive effects
@: ice-armoured, flying, glowing
A: (nimble swimmer 2), mertail, clever 1
a: Renounce Religion, Divine Shield, Cleansing Flame


You were in an ice cave.
You worshipped the Shining One.
The Shining One was most pleased with you.
You visited 3 branches of the dungeon, and saw 14 of its levels.
You also visited: Ice Cave.

You collected 1073 gold pieces.
You spent 235 gold pieces at shops.

Inventory:

Hand Weapons
 a - a +2 halberd of freezing (weapon)
 b - a +2 heavy spear
 j - a +3 spear
 E - a +2 war axe of venom
Armour
 v - a +1 cloak of poison resistance
 w - a +2 helmet (worn)
 y - the +0 cloak "Fufith" (worn) {Fly Str+5 Stlth+}
   (You found it on level 5 of the Dungeon)

   Str:       It affects your strength (+5).
   Fly:       It grants you flight.
   Stlth:     It makes you more stealthy.
 A - the +1 ring mail of Masochism {rElec Str+5}
   (You took it off an orc on level 5 of the Dungeon)

   Str:       It affects your strength (+5).
   rElec:     It insulates you from electricity.
 B - the scarf of Awe {repulsion, rC+ Regen+}
   (You found it on level 5 of the Dungeon)

   rC:        It protects you from cold.
   Regen:     It increases your rate of health regeneration.
 C - a +0 pair of boots (worn)
 G - +0 steam dragon scales
 I - a +0 pair of gloves (worn)
 L - a +2 robe of cold resistance (worn)
 O - +0 swamp dragon scales
Magical Staves
 c - a staff of conjuration
 M - the staff of earth "Veuweite" {rC+ Str-5 Int+2 Dex+4}
   (You found it on level 11 of the Dungeon)

   [staff of earth]

   Base accuracy: +5 Base damage: 5 Base attack delay: 1.2 This weapon's minimum
   attack delay (0.6) is reached at skill level 12.
   Str:       It affects your strength (-5).
   Int:       It affects your intelligence (+2).
   Dex:       It affects your dexterity (+4).
   rC:        It protects you from cold.
   It falls into the 'Staves' category.
   It is a one-handed weapon.
Jewellery
 h - a ring of ice (left hand)
 n - a +6 ring of dexterity
 p - an amulet of regeneration (around neck)
 u - a ring of willpower (right hand)
 J - a ring of see invisible
Wands
 q - a wand of paralysis (13)
 t - a wand of light (20)
 D - a wand of mindburst (30)
 K - a wand of roots (3)
Scrolls
 d - 3 scrolls of magic mapping
 k - 2 scrolls of butterflies
 l - a scroll of silence
 o - 5 scrolls of fear
 r - 4 scrolls of immolation
 s - 3 scrolls of amnesia
 x - 3 scrolls of teleportation
 z - 2 scrolls of vulnerability
 H - 2 scrolls of identify
Potions
 e - a potion of haste
 f - 2 potions of mutation
 g - 3 potions of curing
 i - a potion of might
 m - 5 potions of lignification
 F - 2 potions of flight
 N - a potion of ambrosia


   Skills:
 + Level 6.3 Fighting
 - Level 16.0 Polearms
 + Level 8.2 Dodging
 - Level 2.1 Stealth
 - Level 3.0 Spellcasting
 - Level 5.0 Summonings
 - Level 11.3 Ice Magic
 - Level 8.4 Poison Magic
 - Level 7.0 Invocations
 - Level 7.0 Evocations


You had 3 spell levels left.
You knew the following spells:

 Your Spells              Type           Power      Damage    Failure   Level
a - Freeze                Ice            100%       1d10      1%          1
o - Olgreb's Toxic Radia  Pois           40%        N/A       3%          4
r - Frozen Ramparts       Ice            100%       1d16      1%          3
A - Ozocubu's Armour      Ice            68%        N/A       1%          3
I - Summon Ice Beast      Ice/Summ       56%        N/A       4%          4

Your spell library contained the following spells:

 Spells                   Type           Power      Damage    Failure   Level
 Summon Small Mammal      Summ           100%       N/A       1%          1
 Sting                    Tmut/Pois      84%        1d7       2%          1
 Poisonous Vapours        Pois/Air       42%        N/A       3%          2
 Call Canine Familiar     Summ           25%        N/A       4%          3
 Kiss of Death            Conj/Necr      12%        2d6       12%         1
 Magic Dart               Conj           12%        1d3       12%         1
 Necrotise                Necr           12%        1d4       12%         1
 Summon Guardian Golem    Hex/Summ       14%        N/A       13%         3
 Blink                    Tloc           6%         N/A       19%         2
 Lesser Beckoning         Tloc           6%         N/A       19%         2
 Momentum Strike          Conj/Tloc      6%         3d8       19%         2
 Searing Ray              Conj           6%         2d4       19%         2
 Sublimation of Blood     Necr           3%         N/A       19%         2
 Confusing Touch          Hex            3%         N/A       36%         3
 Dazzling Flash           Conj/Hex       6%         N/A       36%         3
 Portal Projectile        Hex/Tloc       6%         N/A       36%         3
 Swiftness                Air            3%         N/A       36%         3
 Tukima's Dance           Hex            3%         N/A       36%         3
 Vampiric Draining        Necr           3%         2d6       36%         3
 Volatile Blastmotes      Fire/Tloc      6%         2d10      36%         3
 Dispel Undead            Necr           3%         3d7       77%         4
 Fulminant Prism          Conj/Hex       1%         3d5       77%         4
 Iskenderun's Mystic Bla  Conj/Tloc      3%         2d3       77%         4
 Petrify                  Tmut/Erth      3%         N/A       77%         4
 Agony                    Necr           3%         N/A       98%         5
 Blade Hands              Tmut           1%         N/A       98%         5
 Irradiate                Conj/Tmut      1%         3d12      98%         5
 Starburst                Conj/Fire      1%         6d3       100%        6
 Storm Form               Tmut/Air       1%         N/A       100%        7


Dungeon Overview and Level Annotations

Branches:
Dungeon (11/15)            Temple (1/1) D:7            Lair (2/5) D:10
    Orc (0/2) D:9           IceCv (1/1)
  Swamp: Lair:2-3    Shoals: Lair:2-3     Snake: Lair:2-3    Spider: Lair:2-3

Altars:
Ashenzari
Cheibriados
Dithmenos
Elyvilon
Fedhas
Gozag
Hepliaklqana
Kikubaaqudgha
Makhleb
Nemelex Xobeh
Okawaru
Qazlal
Ru
Sif Muna
Trog
Uskayaw
Vehumet
Wu Jian
Xom
Yredelemnul
Zin
The Shining One

Shops:
D:3 *(=(   D:7 *(

Portals:
Trove: D:11 (show slimy rune of Zot)

Annotations:
D:3 3 runed translucent doors, dig, Unglued128's ghost, amateur GnWn
D:8 wight


Innate Abilities, Weirdness & Mutations

((You are very nimble when in or above water. (Stealth+, EV+, Speed+++)))
Your lower body shifts to a powerful aquatic tail in water.
Your mind is acute. (Int +4, Str/Dex -1)


Message History

The rime drake closely misses you.
You hit the rime drake but do no damage.
The rime drake is severely wounded.
You hit the frost giant but do no damage.
The ice encasing you melts away.
You puncture the frost giant!
The frost giant is lightly wounded.
You hit the frost giant.
The frost giant is lightly wounded.
The frost giant hits you with a +4 glaive of freezing!
The frost giant freezes you.
Casting: Frozen Ramparts (safe; 1% risk of failure)
Confirm with . or Enter, or press ? or * to list all spells.
You begin to radiate toxic energy.
The yak is poisoned.
The frost giant is poisoned.
The frost giant hits you with a +4 glaive of freezing.
Unknown command.
Casting: Olgreb's Toxic Radiance (dangerous; 3% risk of failure)
Confirm with . or Enter, or press ? or * to list all spells.
You feel a surge of power! A film of ice covers your body!
The yak looks even sicker.
The frost giant looks even sicker.
The frost giant misses you.
You impale the frost giant!! You freeze the frost giant.
The frost giant is moderately wounded.
The frost giant points at you and mumbles some strange words.
The bolt of cold hits you!! You resist.
* * * LOW HITPOINT WARNING * * *
You puncture the frost giant!
The frost giant is heavily wounded.
Your toxic aura wanes.
You hit the frost giant.
The frost giant is heavily wounded.
The frost giant hits you with a +4 glaive of freezing!!
* * * LOW HITPOINT WARNING * * *
The frost giant freezes you.
* * * LOW HITPOINT WARNING * * *
You puncture the frost giant!
The frost giant is severely wounded.
The frost giant hits you with a +4 glaive of freezing!!
You die...

##### ####### #YC.####
####......
#..k#@†..####...†.#...
..k...####...#....#######
.....h ###....### # .....
###### #.... ##.. #..


You could see a frost giant (very poisoned) and a yak (very poisoned).

Vanquished Creatures
  Fannar (D:11)
  A hydra (D:11)
  Erica (D:8)
  A death knight (D:11)
  2 two-headed ogres
  13 death yaks
  A manticore (D:11)
  An ice statue (IceCv)
  2 cane toads (Lair:1)
  2 kobold demonologists (D:10)
  3 rime drakes (IceCv)
  A komodo dragon (Lair:1)
  2 ice devils (Lair:2)
  2 trolls
  3 polar bears (IceCv)
  A hornet (D:10)
  A centaur simulacrum (D:11)
  Sigmund (D:5)
  4 spriggans (Lair:1)
  A vampire (D:9)
  A shadow (D:10)
  3 wraiths
  26 yaks
  Grum (D:11)
  4 steam dragons
  Edmund (D:5)
  An acid dragon (D:11)
  6 water moccasins
  A nameless horror (D:5)
  4 orc warriors
  A sky beast (D:7)
  A black bear (D:4)
  5 centaurs
  9 wolves
  A kobold brigand (D:9)
  4 bullfrogs (Lair:1)
  2 gnoll sergeants
  9 wights
  5 howler monkeys
  A jelly (D:6)
  7 hounds
  Crazy Yiuf (D:6)
  2 orc priests
  A gnoll bouda (D:9)
  5 iguanas
  3 orc wizards
  Robin (D:3)
  14 gnolls
  11 adders
  2 shadow imps
  2 white imps
  4 worms
  4 dart slugs
  30 orcs
  7 endoplasms
  7 giant cockroaches
  9 goblins
  8 hobgoblins
  4 jackals
  6 quokkas
  9 ball pythons
  6 bats
  A frilled lizard (D:1)
  12 kobolds
  3 rats
289 creatures vanquished.

Vanquished Creatures (collateral kills)
  A rime drake (IceCv)
  A spriggan (Lair:1)
  A yak (IceCv)
  A basilisk (Lair:1)
  A phantom (D:5)
  2 wights
  A nameless horror (D:7)
  An orc priest (D:5)
9 creatures vanquished.

Vanquished Creatures (others)
  A yak (D:8)
1 creature vanquished.

Grand Total: 299 creatures vanquished

Notes
Turn   | Place    | Note
-------+----------+-------------------------------------------
     0 | D:1      | Cheops the Merfolk Ice Elementalist began the quest for the
                  | Orb.
     0 | D:1      | Reached XP level 1. HP: 13/13 MP: 3/3
   329 | D:1      | Reached XP level 2. HP: 19/19 MP: 3/5
  1014 | D:2      | Found a faded altar of an unknown god.
  1298 | D:2      | Reached XP level 3. HP: 17/24 MP: 3/7
  1388 | D:2      | Reached skill level 5 in Ice Magic
  1734 | D:2      | Reached XP level 4. HP: 30/30 MP: 5/8
  2014 | D:3      | Found Usauh's Weapon Shoppe.
  2022 | D:3      | Bought a +0 trident for 35 gold pieces
  2159 | D:3      | Found Jyvy's Jewellery Emporium.
  2220 | D:3      | Learned a level 3 spell: Frozen Ramparts
  2224 | D:3      | Learned a level 3 spell: Ozocubu's Armour
  2269 | D:3      | Found a runed translucent gate.
  2269 | D:3      | Found a runed translucent gate.
  2269 | D:3      | Noticed a kobold brigand
  2270 | D:3      | Noticed Unglued128's ghost (amateur GnWn)
  2272 | D:3      | Found a runed translucent gate.
  2318 | D:3      | Noticed Robin
  2401 | D:3      | Found Zeicryu's General Store.
  2409 | D:3      | Bought a potion of heal wounds for 60 gold pieces
  2489 | D:3      | Found Hofann's Antique Weapon Emporium.
  2689 | D:3      | Reached skill level 1 in Polearms
  2738 | D:3      | Reached XP level 5. HP: 35/35 MP: 5/9
  2781 | D:3      | Killed Robin
  2782 | D:3      | Reached skill level 1 in Summonings
  2885 | D:3      | Found a glowing silver altar of Zin.
  3598 | D:4      | Noticed a black bear
  3608 | D:4      | Killed a black bear
  3609 | D:4      | Reached skill level 2 in Polearms
  3609 | D:4      | Reached XP level 6. HP: 41/41 MP: 1/10
  3989 | D:4      | Found a blossoming altar of Fedhas.
  4083 | D:4      | Learned a level 4 spell: Summon Ice Beast
  4089 | D:5      | Entered Level 5 of the Dungeon
  4155 | D:4      | Reached skill level 3 in Polearms
  4245 | D:5      | Noticed Edmund
  4289 | D:5      | Noticed a nameless horror
  4462 | D:5      | Reached XP level 7. HP: 46/46 MP: 5/11
  4776 | D:5      | Gained mutation: Your mind is acute. (Int +4, Str/Dex -1)
                  | [potion of mutation]
  4783 | D:5      | Reached skill level 4 in Polearms
  4783 | D:5      | Killed a nameless horror
  4847 | D:5      | Identified the +1 ring mail of Masochism {rElec Str+5}
  4975 | D:5      | Killed Edmund
  4976 | D:5      | Reached skill level 5 in Polearms
  4976 | D:5      | Reached skill level 5 in Summonings
  5045 | D:5      | Found a shimmering blue altar of Sif Muna.
  5076 | D:5      | Noticed Sigmund
  5091 | D:4      | Reached skill level 6 in Polearms
  5228 | D:5      | Identified the +0 cloak "Fufith" {Fly Str+5 Stlth+}
  5267 | D:5      | Killed Sigmund
  5268 | D:5      | Reached XP level 8. HP: 52/52 MP: 3/12
  5362 | D:5      | Identified the scarf of Awe {repulsion, rC+ Regen+}
  5544 | D:5      | Found an ornate altar of the Wu Jian Council.
  6884 | D:3      | Found Usauh's Weapon Shoppe.
  7005 | D:3      | Found Hofann's Antique Weapon Emporium.
  7058 | D:3      | Found Zeicryu's General Store.
  7187 | D:3      | Found a runed translucent gate.
  7187 | D:3      | Found a runed translucent gate.
  7190 | D:3      | Found a runed translucent gate.
  7230 | D:3      | Found Jyvy's Jewellery Emporium.
  7351 | D:3      | Found a glowing silver altar of Zin.
  7768 | D:4      | Found a blossoming altar of Fedhas.
  7994 | D:5      | Found a shimmering blue altar of Sif Muna.
  8386 | D:5      | Found an ornate altar of the Wu Jian Council.
  8452 | D:6      | Reached skill level 7 in Polearms
  8878 | D:6      | Found a runed translucent door.
  8879 | D:6      | Noticed Crazy Yiuf
  8993 | D:6      | Killed Crazy Yiuf
  9113 | D:7      | Found Meotaemm's Assorted Antiques.
  9156 | D:7      | Reached skill level 8 in Polearms
  9185 | D:7      | Reached XP level 9. HP: 57/57 MP: 7/13
  9437 | D:7      | Found a staircase to the Ecumenical Temple.
  9681 | D:7      | Found an opulent altar of Gozag.
  9753 | D:7      | Found Zeighaf's Antique Weapon Shoppe.
  9775 | D:7      | Found Zeighaf's Antique Weapon Shoppe.
  9786 | D:7      | Found a staircase to the Ecumenical Temple.
  9865 | D:7      | Found Meotaemm's Assorted Antiques.
  9932 | D:7      | Found an opulent altar of Gozag.
 10151 | Temple   | Entered the Ecumenical Temple
 10310 | Temple   | Became a worshipper of the Shining One
 10362 | D:8      | Reached skill level 9 in Polearms
 10363 | D:8      | Reached skill level 10 in Ice Magic
 10828 | D:8      | Reached skill level 10 in Polearms
 11093 | D:8      | Reached * piety under the Shining One
 11109 | D:8      | Reached XP level 10. HP: 50/63 MP: 10/14
 11174 | D:8      | Noticed Erica
 11191 | D:8      | Killed Erica
 11192 | D:8      | Reached skill level 11 in Polearms
 11471 | D:8      | Reached skill level 12 in Polearms
 13254 | D:9      | Reached skill level 1 in Invocations
 13254 | D:9      | Reached skill level 1 in Evocations
 13346 | D:9      | Noticed a two-headed ogre
 13356 | D:9      | Killed a two-headed ogre
 13395 | D:9      | Reached skill level 13 in Polearms
 13496 | D:9      | Found a staircase to the Orcish Mines.
 13826 | D:9      | Reached XP level 11. HP: 56/68 MP: 9/15
 13864 | D:9      | Found a hide-covered altar of Uskayaw.
 13923 | D:9      | Found a shadowy altar of Dithmenos.
 14134 | D:9      | Found a staircase to the Orcish Mines.
 14258 | D:9      | Found a shadowy altar of Dithmenos.
 14454 | D:9      | Found a hide-covered altar of Uskayaw.
 14510 | D:10     | Entered Level 10 of the Dungeon
 14642 | D:10     | Reached skill level 14 in Polearms
 14675 | D:10     | Found a broken altar of Ashenzari.
 14676 | D:10     | Found a white marble altar of Elyvilon.
 14704 | D:10     | Found a sparkling altar of Nemelex Xobeh.
 14785 | D:10     | Noticed a death yak
 14787 | D:10     | Noticed a death yak
 14788 | D:10     | Noticed a death yak
 14788 | D:10     | Noticed a death yak
 14790 | D:10     | Noticed a death yak
 14791 | D:10     | Noticed a death yak
 14792 | D:10     | Noticed a death yak
 14798 | D:10     | Killed a death yak
 14801 | D:10     | Killed a death yak
 14804 | D:10     | Killed a death yak
 14805 | D:10     | Reached skill level 5 in Invocations
 14811 | D:10     | Killed a death yak
 14815 | D:10     | Killed a death yak
 14816 | D:10     | Reached skill level 15 in Polearms
 14816 | D:10     | Reached skill level 5 in Evocations
 14818 | D:10     | Killed a death yak
 14823 | D:10     | Killed a death yak
 14869 | D:10     | Found a staircase to the Lair.
 14903 | D:10     | Reached ** piety under the Shining One
 14905 | D:10     | Noticed a two-headed ogre
 14923 | D:10     | Killed a two-headed ogre
 14927 | D:10     | Reached skill level 16 in Polearms
 14933 | D:10     | Reached XP level 12. HP: 48/74 MP: 8/16
 15381 | D:10     | Found a staircase to the Lair.
 15407 | D:10     | Found a sparkling altar of Nemelex Xobeh.
 15711 | D:10     | Found a broken altar of Ashenzari.
 15714 | D:10     | Found a white marble altar of Elyvilon.
 15947 | D:7      | Bought a potion of heal wounds for 140 gold pieces
 16009 | D:10     | Learned a level 4 spell: Olgreb's Toxic Radiance
 16025 | D:11     | Noticed Fannar
 16164 | D:11     | Noticed Grum
 16170 | D:11     | Reached skill level 1 in Poison Magic
 16171 | D:11     | Killed Grum
 16259 | D:11     | Noticed a death knight
 16275 | D:11     | Killed a death knight
 16279 | D:11     | Got the Anthology of Felsic Fog
 16412 | D:11     | Noticed a six-headed hydra
 16694 | D:11     | Found a portal to a secret trove of treasure.
 16935 | D:11     | Identified the +5 great sword of the Other Side {vamp, rF+
                  | Will+ Int+4}
 16938 | D:11     | Killed a six-headed hydra
 16964 | D:11     | Killed Fannar
 16965 | D:11     | Reached skill level 5 in Poison Magic
 17158 | D:11     | Identified the staff of earth "Veuweite" {rC+ Str-5 Int+2
                  | Dex+4}
 17203 | D:11     | Identified the +9 rapier of Hospitality {freeze, Drain rC+
                  | SInv}
 18206 | D:11     | Found a portal to a secret trove of treasure.
 18281 | Lair:1   | Entered Level 1 of the Lair of Beasts
 19801 | Lair:2   | Found a frozen archway.
 19837 | Lair:2   | Reached skill level 1 in Fighting
 19845 | IceCv    | Entered an ice cave
 19926 | IceCv    | Noticed a death yak
 19948 | IceCv    | Killed a death yak
 19949 | IceCv    | Reached skill level 5 in Dodging
 20031 | IceCv    | Reached XP level 13. HP: 70/88 MP: 15/18
 20185 | IceCv    | Reached skill level 5 in Fighting
 20354 | IceCv    | Reached *** piety under the Shining One
 20354 | IceCv    | Noticed a frost giant
 20504 | IceCv    | Mangled by a frost giant

Illustrated notes

Levels and vault maps discovered:
D:1:      minmay_arrival_checkered_box, layout_basic, st_stairs_14,
          serial_park_tiny_1
D:2:      layout_basic, ebering_ecumenical_altar_mist, reono_crystal_passage,
          chequers_garden, minmay_crystal_water
D:3:      layout_basic, zin_scriptorium, gammafunk_ghost_nasty_kobolds,
          serial_shops, nicolae_shop_tiny_waterfront, shop, shop,
          nicolae_shop_tiny_waterfront, minmay_quadrilaterals, uniq_robin
D:4:      layout_gridville, lemuel_round_altar
D:5:      layout_basic, lemuel_round_altar, nzn_wu_jian_council_hall,
          uniq_sigmund, uniq_edmund
D:6:      layout_basic, uniq_crazy_yiuf_cottage
D:7:      layout_cave_pools, mainiacjoe_overflow_tiny_flanked,
          minmay_temple_entry_overgrown, serial_shops,
          nicolae_shop_hallway_stairs, shop
D:8:      layout_layer_cave, uniq_erica
D:9:      layout_cave_pools, mainiacjoe_overflow_six_doors_small,
          nicolae_uskayaw_murder_on_the_dancefloor, david_orc_2, minivault_16
D:10:     layout_loops_ring, lemuel_crystal_altar, jmf_multi_god_temple,
          dpeg_lair_monsters, grunt_decor_resistance
D:11:     minmay_wavy_crystal, layout_loops_corners, enter_trove_6, uniq_grum,
          uniq_fannar
Temple:   hellmonk_temple_forest_ring
Lair:1:   kb_forest_paths, layout_cave_pods, lemuel_old_faithful
Lair:2:   layout_regular_city, portal_ice_cave_demonic_guard, grunt_megastairs_5
IceCv:    ice_cave_small_giant

Skill      XL: |  1  2  3  4  5  6  7  8  9 10 11 12 13 |
---------------+----------------------------------------+-----
Spellcasting   | 3 |  3.0
Ice Magic      | 5 6 9 11 | 11.3
Polearms       | 1 2 3 6 8 10 13 16 | 16.0
Summonings     | 2 4 5 |  5.0
Invocations    | 3 6 7 |  7.0
Evocations     | 3 6 7 |  7.0
Poison Magic   | 8 |  8.4
Dodging        | 5 8 |  8.2
Fighting       | 3 6 |  6.3
Stealth        | |  2.1

Action                     |  1- 3 |  4- 6 |  7- 9 | 10-12 | 13-15 || total
---------------------------+-------+-------+-------+-------+-------++-------
  Melee: Dagger            |     8 |       |       |       |       ||     8
         Punch             |     1 |       |     2 |       |       ||     3
         Trident           |       |    46 |   140 |       |       ||   186
         Halberd           |       |       |    31 |   358 |   109 ||   498
         Spear             |       |       |     8 |     5 |       ||    13
   Cast: Freeze            |    59 |    83 |    15 |    29 |       ||   186
         Frozen Ramparts   |       |    10 |    35 |    26 |     5 ||    76
         Ozocubu's Armour  |       |     1 |    14 |    24 |     5 ||    44
         Summon Ice Beast  |       |     1 |     5 |    12 |       ||    18
         Olgreb's Toxic Ra |       |       |       |     8 |     3 ||    11
 Invoke: Divine Shield     |       |       |       |     2 |       ||     2
  Evoke: Wand              |       |       |       |     1 |     1 ||     2
    Use: Scroll            |       |    10 |     9 |    13 |       ||    32
         Potion            |       |       |     5 |     6 |     1 ||    12
   Stab: Sleeping          |       |     1 |       |       |       ||     1
 Armour: Robe              |    10 |    35 |    42 |    54 |    53 ||   194
         Ring mail         |       |       |    53 |    19 |       ||    72
         Steam dragon scal |       |       |       |    70 |       ||    70
  Dodge: Dodged            |    41 |    73 |   159 |   192 |    54 ||   519
         Repelled          |       |       |       |       |     1 ||     1
  Block: Other             |       |       |       |     4 |       ||     4
